 Dungeon Crawl Stone Soup version 0.29.1-13-g9f3cf754e1 (webtiles) character file.

Game seed: 63337829280993206

18 Peloso the Trooper (level 2, -2/27 HPs)
             Began as a Minotaur Fighter on Jan 24, 2023.
             Succumbed to a kobold's poison
             ... on level 1 of the Dungeon.
             The game lasted 00:01:00 (439 turns).

Peloso the Trooper (Minotaur Fighter)                Turns: 439, Time: 00:01:01

Health: -2/27      AC:  7    Str: 20    XL:     2   Next: 48%
Magic:  1/1        EV:  9    Int:  5    God:
Gold:   39         SH:  4    Dex:  9    Spells: 1/1 levels left

rFire   . . .      SeeInvis .   a - +0 long sword
rCold   . . .      Faith    .   d - +0 buckler
rNeg    . . .      Spirit   .   b - +0 scale mail
rPois   .          Reflect  .   (helmet restricted)
rElec   .          Harm     .   (no cloak)
rCorr   .          Rampage  .   (no gloves)
Will    .....                   (no boots)
Stlth   ..........              (no amulet)
HPRegen 0.09/turn               (no ring)
MPRegen 0.07/turn               (no ring)

@: lethally poisoned (-2 -> -44)
A: horns 2, retaliatory headbutt
a: no special abilities


You were on level 1 of the Dungeon.
You visited 1 branch of the dungeon, and saw 1 of its levels.

You collected 39 gold pieces.

Inventory:

Hand Weapons
 a - a +0 long sword (weapon)
Armour
 b - a +0 scale mail (worn)
 d - a +0 buckler (worn)
Magical Staves
 c - a staff of fire
Scrolls
 g - a scroll of identify {unknown}
 i - a scroll of vulnerability {unknown}
Potions
 f - a potion of might
 h - a potion of curing {unknown}


   Skills:
 + Level 4.0 Fighting
 + Level 2.7 Long Blades
 + Level 4.0 Armour
 + Level 3.9 Shields


You had one spell level left.
You didn't know any spells.
Your spell library was empty.

Dungeon Overview and Level Annotations

Branches:
Dungeon (1/15)

Altars:


Innate Abilities, Weirdness & Mutations

You have a pair of horns on your head.
You reflexively headbutt those who attack you in melee.


Message History

You are more poisoned.
The giant cockroach closely misses you.
You hit the giant cockroach but do no damage.
You feel very sick.
The giant cockroach bites you but does no damage.
The kobold barely misses you. The giant cockroach bites you.
You block the hobgoblin's attack. You block the giant cockroach's attack.
Unknown command.
You barely miss the giant cockroach. You headbutt the giant cockroach.
The giant cockroach is severely wounded.
* * * LOW HITPOINT WARNING * * *
You feel very sick. You block the giant cockroach's attack.
The giant cockroach bites you but does no damage.
The hobgoblin hits you but does no damage.
The kobold hits you but does no damage.
You are lethally poisoned!
The giant cockroach bites you but does no damage.
A dart slug comes into view.
The giant cockroach bites you but does no damage.
The kobold closely misses you. You furiously retaliate!
You headbutt the kobold, but do no damage.
The hobgoblin hits you but does no damage.
It was a potion of heal wounds.
You feel much better.
You feel very sick.
The giant cockroach bites you but does no damage. x2
The hobgoblin hits you.
The kobold hits you with a +2 dagger of venom.
You are lethally poisoned!
The hobgoblin attacks as you move away!
The hobgoblin hits you but does no damage.
The giant cockroach attacks as you move away!
The giant cockroach closely misses you.
You feel extremely sick.
The kobold hits you with a +2 dagger of venom.
* * * LOW HITPOINT WARNING * * *
You are more poisoned.
The kobold attacks as you move away! The kobold hits you but does no damage.
You are more poisoned.
You die...

.. ..# #.#
#.# #.# #.#
...# #.# #.#
.?..##.# #.#
.w..w#J# #.#
#.KSKg####.#
#KBB...#
#.#.####
#@#.# #.#.#
..#.# .....#
#######


You could see an endoplasm, a giant cockroach, a hobgoblin and 2 kobolds.

Vanquished Creatures
  3 bats (D:1)
  3 endoplasms (D:1)
  A giant cockroach (D:1)
  A hobgoblin (D:1)
  2 quokkas (D:1)
  2 frilled lizards (D:1)
  4 rats (D:1)
16 creatures vanquished.

Notes
Turn   | Place    | Note
-------+----------+-------------------------------------------
     0 | D:1      | Peloso the Minotaur Fighter began the quest for the Orb.
     0 | D:1      | Reached XP level 1. HP: 19/19 MP: 0/0
   215 | D:1      | Reached XP level 2. HP: 27/27 MP: 1/1
   439 | D:1      | Succumbed to a kobold's poison

Illustrated notes

Levels and vault maps discovered:
D:1:      dpeg_arrival_pits, layout_loops_ring, minmay_nonomino_d4

Skill      XL: |  1  2 |
---------------+-------+-----
Fighting       | 4 |  4.0
Armour         | 4 |  4.0
Long Blades    | |  2.7
Shields        | |  3.9

Action                   || total
-------------------------++-------
Melee: Long sword        ||    31
       Headbutt          ||     4
  Use: Potion            ||     1
Armor: Scale mail        ||    30
Dodge: Dodged            ||    36
Block: Buckler           ||    12
